[Event "42nd Olympiad Baku 2016 Open"]
[Site "Baku"]
[Date "2016.09.04"]
[Round "3.1"]
[White "Shirov, Alexei"]
[Black "Grandelius, Nils"]
[Result "1/2-1/2"]
[ECO "E20"]
[WhiteElo "2673"]
[BlackElo "2641"]
[Annotator ""]
[PlyCount "115"]
[EventDate "2016.??.??"]
[EventCountry "AZE"]
[SourceTitle "playchess.com"]
[Source "ChessBase"]
[WhiteTeam "Latvia"]
[BlackTeam "Sweden"]
[WhiteTeamCountry "LAT"]
[BlackTeamCountry "SWE"]
[TimeControl "40/5400+30:1800+30"]

1. d4 {(00:00)} Nf6 {(00:00)} 2. c4 {(00:00)} e6 {(
00:00)} 3. Nc3 {(00:00)} Bb4 {(00:12)} 4. f3 {(00:00)} c5
{(01:43)} 5. d5 {(00:00)} b5 {(00:35)} 6. e4 {(00:
07)} O-O {(00:07)} 7. e5 {(05:06)} Ne8 {(01:57)} 8. f4 {
(00:12)} exd5 {(01:15)} 9. cxd5 {(01:40)} d6 {(00:
08)} 10. Nf3 {(01:11)} Nc7 {(05:40)} 11. Bd3 {(06:07)} c4
{(05:08)} 12. Be4 {(05:56)} f5 {(01:52)} 13. exf6 {
(01:16)} Qxf6 {(01:06)} 14. O-O {(00:40)} Bf5 {(04:
05)} 15. Bxf5 {(20:36)} Qxf5 {(01:33)} 16. Nd4 {(00:45)}
Bc5 {(01:49)} 17. Be3 {(00:11)} Bxd4 {(05:32)} 18. Qxd4 {
(00:27)} Nd7 {(00:32)} 19. a4 {(11:38)} b4 {(08:34]
} 20. Ne4 {(07:03)} Qxd5 {(01:44)} 21. Nxd6 {(00:15)} Nb6
{(02:45)} 22. a5 {(06:11)} Qxd4 {(13:50)} 23. Bxd4 {
(00:18)} Nbd5 {(00:03)} 24. Nxc4 {(10:47)} Ne6 {(
04:31)} 25. Bf2 {(08:32)} Nexf4 {(02:32)} 26. g3 {(05:10)}
Nh3+ {(04:35)} 27. Kg2 {(00:04)} Nxf2 {(00:04)} 28. Rxf2 {
(00:06)} Rac8 {(04:05)} 29. b3 {(01:16)} Nc3 {(00:
32)} 30. Re1 {(02:05)} Rxf2+ {(01:34)} 31. Kxf2 {(00:04)}
Kf8 {(00:40)} 32. Ke3 {(04:35)} Re8+ {(03:35)} 33. Kd2 {
(00:04)} Rxe1 {(00:06)} 34. Kxe1 {(00:03)} Nb5 {(
00:06)} 35. Kf2 {(03:48)} Nd4 {(00:42)} 36. Nd2 {(00:03)}
Nc6 {(00:52)} 37. a6 {(01:27)} Ke7 {(03:39)} 38. Ke3 {
(00:07)} Kd6 {(00:01)} 39. Ke4 {(00:18)} Kc5 {(02:
34)} 40. Nf3 {(00:00)} Nb8 {(00:00)} 41. Ng5 {(04:06)}
Nxa6 {(02:59)} 42. Ne6+ {(00:09)} Kd6 {(01:43)} 43. Nxg7 {
(00:06)} Nc5+ {(00:17)} 44. Kd4 {(00:05)} Nxb3+ {(
00:12)} 45. Kc4 {(00:05)} Nd2+ {(00:06)} 46. Kxb4 {(00:04]
} Nf1 {(00:04)} 47. Nh5 {(01:06)} Nxh2 {(01:34)} 48. Nf6 {
(00:11)} h6 {(00:08)} 49. g4 {(01:30)} Kc6 {(09:53]
} 50. Ka5 {(00:09)} Kb7 {(00:03)} 51. Kb5 {(00:06)} a6+ {
(00:03)} 52. Ka5 {(00:24)} Ka7 {(00:04)} 53. Ka4 {(
00:04)} Kb6 {(00:04)} 54. Nd7+ {(00:16)} Kc6 {(00:24)} 55.
Ne5+ {(00:24)} Kd5 {(00:05)} 56. Nf7 {(00:04)} Nxg4 {
(00:05)} 57. Nxh6 {(00:04)} Nxh6 {(00:06)} 58. Ka5 {
(00:02)} 1/2-1/2

[Event "42nd Olympiad Baku 2016 Open"]
[Site "Baku"]
[Date "2016.09.04"]
[Round "3.22"]
[White "Silva, David"]
[Black "Galego, Luis"]
[Result "0-1"]
[ECO "B28"]
[WhiteElo "2276"]
[BlackElo "2458"]
[Annotator ""]
[PlyCount "58"]
[EventDate "2016.??.??"]
[EventCountry "AZE"]
[SourceTitle "playchess.com"]
[Source "ChessBase"]
[WhiteTeam "Angola"]
[BlackTeam "Portugal"]
[WhiteTeamCountry "ANG"]
[BlackTeamCountry "POR"]
[TimeControl "40/5400+30:1800+30"]

1. e4 {(00:00)} c5 {(01:05)} 2. Nf3 {(00:00)} a6 {(
01:03)} 3. Nc3 {(00:00)} b5 {(01:09)} 4. d4 {(00:12)} cxd4
{(00:36)} 5. Nxd4 {(00:06)} Bb7 {(00:25)} 6. a3 {(
03:23)} e6 {(02:21)} 7. Be2 {(00:03)} Qc7 {(03:25)} 8. O-O
{(00:23)} Nf6 {(00:08)} 9. Bf3 {(00:19)} d6 {(01:
40)} 10. Re1 {(01:14)} Be7 {(00:47)} 11. g3 {(00:30)} O-O
{(03:27)} 12. Bg2 {(02:19)} Nc6 {(01:46)} 13. Nb3 {
(11:17)} Rfd8 {(08:12)} 14. f4 {(05:27)} d5 {(07:
30)} 15. exd5 {(02:34)} b4 {(02:59)} 16. Qf3 {(07:07)} Na5
{(04:04)} 17. axb4 {(04:27)} Nxb3 {(00:36)} 18. cxb3 {
(00:08)} Nxd5 {(02:18)} 19. f5 {(01:06)} exf5 {(02:
48)} 20. Bf4 {(01:04)} Qb6+ {(01:52)} 21. Kh1 {(03:08)}
Bxb4 {(03:10)} 22. Bg5 {(07:38)} Rd6 {(05:49)} 23. Na4 {
(06:58)} Qb5 {(01:55)} 24. Red1 {(00:52)} h6 {(01:
59)} 25. Be7 {(01:51)} Rd7 {(00:58)} 26. Bxb4 {(00:31)}
Nxb4 {(00:39)} 27. Qf2 {(02:18)} Nd3 {(02:28)} 28. Rxd3 {
(00:04)} Qxd3 {(01:47)} 29. Nb6 {(01:03)} Qd1+ {(
01:09)} 0-1

[Event "42nd Olympiad Baku 2016 Open"]
[Site "Baku"]
[Date "2016.09.04"]
[Round "3.15"]
[White "Skoberne, Jure"]
[Black "Efimov, Igor"]
[Result "1/2-1/2"]
[ECO "A40"]
[WhiteElo "2562"]
[BlackElo "2374"]
[Annotator ""]
[PlyCount "89"]
[EventDate "2016.??.??"]
[EventCountry "AZE"]
[SourceTitle "playchess.com"]
[Source "ChessBase"]
[WhiteTeam "Slovenia"]
[BlackTeam "Monaco"]
[WhiteTeamCountry "SLO"]
[BlackTeamCountry "MNC"]
[TimeControl "40/5400+30:1800+30"]

1. d4 {(00:00)} e6 {(00:00)} 2. Bf4 {(04:28)} Nf6 {
(05:22)} 3. e3 {(02:11)} b6 {(00:48)} 4. Nf3 {(00:
52)} Be7 {(01:15)} 5. h3 {(09:40)} O-O {(04:37)} 6. c4 {
(11:07)} Bb7 {(03:48)} 7. Nc3 {(04:10)} d5 {(01:15]
} 8. Be2 {(17:25)} c5 {(02:15)} 9. O-O {(01:25)} cxd4 {
(02:03)} 10. Nxd4 {(02:51)} dxc4 {(11:14)} 11. Ndb5 {
(09:36)} a6 {(08:15)} 12. Nd6 {(01:13)} Bc6 {(00:
22)} 13. Nxc4 {(05:17)} b5 {(02:25)} 14. Qxd8 {(04:04)}
Bxd8 {(09:50)} 15. Ne5 {(03:10)} Bb7 {(01:38)} 16. Rfd1 {
(01:24)} Be7 {(14:32)} 17. Bf3 {(12:43)} Bxf3 {(01:
24)} 18. Nxf3 {(01:54)} Nc6 {(03:16)} 19. Bd6 {(00:10)}
Rfd8 {(02:11)} 20. Bxe7 {(00:06)} Nxe7 {(00:07)} 21. Ne5 {
(00:06)} Kf8 {(00:27)} 22. Kf1 {(01:41)} Ke8 {(00:
40)} 23. Ke2 {(00:12)} Nd7 {(00:09)} 24. Nxd7 {(01:04)}
Rxd7 {(00:06)} 25. Rxd7 {(00:05)} Kxd7 {(00:01)} 26. Rd1+
{(00:11)} Kc7 {(01:03)} 27. Ne4 {(00:32)} h6 {(01:
16)} 28. Nc5 {(01:36)} Nd5 {(00:29)} 29. e4 {(01:12)} Nb6
{(00:56)} 30. b3 {(01:21)} a5 {(00:48)} 31. Rc1 {(
00:58)} Kd6 {(03:02)} 32. Nb7+ {(00:25)} Kd7 {(00:13)} 33.
Rd1+ {(01:31)} Ke7 {(00:23)} 34. Rd6 {(00:04)} Nc8 {
(10:30)} 35. Rd8 {(00:04)} Rb8 {(01:45)} 36. Kd3 {(
01:05)} e5 {(01:22)} 37. Rg8 {(01:19)} Rxb7 {(02:05)} 38.
Rxc8 {(00:04)} a4 {(00:08)} 39. bxa4 {(01:39)} bxa4 {
(00:02)} 40. Rc4 {(00:00)} Rb2 {(00:00)} 41. Rc2 {(
08:45)} Rxc2 {(01:32)} 42. Kxc2 {(00:04)} Kd6 {(00:05)}
43. Kc3 {(01:38)} Kc5 {(00:12)} 44. a3 {(00:04)} Kb5 {
(00:11)} 45. Kd3 1/2-1/2

[Event "42nd Olympiad Baku 2016 Open"]
[Site "Baku"]
[Date "2016.09.04"]
[Round "3.4"]
[White "Smith, Axel"]
[Black "Sveshnikov, Vladimir"]
[Result "1/2-1/2"]
[ECO "A06"]
[WhiteElo "2516"]
[BlackElo "2404"]
[Annotator ""]
[PlyCount "95"]
[EventDate "2016.??.??"]
[EventCountry "AZE"]
[SourceTitle "playchess.com"]
[Source "ChessBase"]
[WhiteTeam "Sweden"]
[BlackTeam "Latvia"]
[WhiteTeamCountry "SWE"]
[BlackTeamCountry "LAT"]
[TimeControl "40/5400+30:1800+30"]

1. Nf3 {(00:00)} d5 {(00:00)} 2. e3 {(00:00)} Nf6 {
(00:00)} 3. c4 {(00:00)} e6 {(00:18)} 4. b3 {(00:
00)} Bd6 {(07:30)} 5. Bb2 {(00:54)} O-O {(00:32)} 6. d4 {
(03:17)} b6 {(01:37)} 7. Bd3 {(00:32)} Bb7 {(01:33]
} 8. O-O {(00:04)} Nbd7 {(06:37)} 9. Nc3 {(00:17)} a6 {
(01:48)} 10. Rc1 {(00:19)} Qe7 {(08:10)} 11. Na4 {(
00:17)} dxc4 {(32:47)} 12. bxc4 {(00:12)} c5 {(00:03)} 13.
Ne5 {(04:50)} Rfd8 {(04:07)} 14. f4 {(01:05)} Rab8 {
(06:47)} 15. Qe2 {(18:22)} Ba8 {(05:10)} 16. Rb1 {(
10:26)} Ne4 {(00:55)} 17. Ba1 {(02:46)} Bc7 {(02:06)} 18.
Qc2 {(07:31)} f5 {(00:32)} 19. Rb3 {(18:58)} Nxe5 {
(02:35)} 20. dxe5 {(06:13)} Bc6 {(00:15)} 21. Nc3 {
(01:17)} Rxd3 {(00:04)} 22. Qxd3 {(00:38)} Rd8 {(
00:03)} 23. Qe2 {(07:47)} Nd2 {(04:47)} 24. Re1 {(02:42)}
Nxb3 {(00:08)} 25. axb3 {(00:01)} g6 {(02:37)} 26. e4 {
(02:16)} fxe4 {(04:44)} 27. Nxe4 {(00:10)} Bxe4 {(
00:03)} 28. Qxe4 {(00:04)} Qd7 {(00:02)} 29. h4 {(08:10)}
a5 {(01:00)} 30. Kh2 {(02:08)} Kf7 {(02:35)} 31. Re3 {
(00:22)} a4 {(00:40)} 32. bxa4 {(01:36)} Qxa4 {(00:
01)} 33. Bc3 {(00:22)} Qd1 {(00:03)} 34. h5 {(01:45)} Kg7
{(01:09)} 35. Qb7 {(01:26)} Rd7 {(00:34)} 36. hxg6 {
(00:10)} hxg6 {(00:08)} 37. Qc6 {(00:50)} Re7 {(01:
38)} 38. Qe4 {(00:08)} Qh5+ {(01:26)} 39. Rh3 {(00:01)}
Qf5 {(00:10)} 40. Qxf5 {(00:00)} gxf5 {(00:00)} 41. Rd3 {
(03:59)} Kf8 {(01:17)} 42. Kg3 {(03:13)} Ke8 {(05:
43)} 43. Kf3 {(00:18)} Rh7 {(05:53)} 44. Rd1 {(00:35)} Bd8
{(00:56)} 45. Rd6 {(03:02)} Ke7 {(00:42)} 46. Rd1 {
(00:13)} Ke8 {(00:15)} 47. Rd6 {(02:34)} Ke7 {(00:
05)} 48. Rd1 {(00:10)} 1/2-1/2

[Event "42nd Olympiad Baku 2016 Open"]
[Site "Baku"]
[Date "2016.09.04"]
[Round "3.31"]
[White "So, Wesley"]
[Black "Perez Ponsa, Federico"]
[Result "1-0"]
[ECO "E98"]
[WhiteElo "2782"]
[BlackElo "2585"]
[Annotator ""]
[PlyCount "87"]
[EventDate "2016.??.??"]
[EventCountry "AZE"]
[SourceTitle "playchess.com"]
[Source "ChessBase"]
[WhiteTeam "United States"]
[BlackTeam "Argentina"]
[WhiteTeamCountry "USA"]
[BlackTeamCountry "ARG"]
[TimeControl "40/5400+30:1800+30"]

1. Nf3 {(00:00)} Nf6 {(00:00)} 2. c4 {(00:00)} g6 {
(00:00)} 3. Nc3 {(00:00)} Bg7 {(00:00)} 4. e4 {(00:
05)} d6 {(00:03)} 5. d4 {(00:03)} O-O {(00:04)} 6. Be2 {
(00:03)} e5 {(00:05)} 7. O-O {(00:04)} Nc6 {(00:03]
} 8. d5 {(00:04)} Ne7 {(00:04)} 9. Ne1 {(00:04)} Nd7 {
(00:26)} 10. Be3 {(00:03)} f5 {(00:05)} 11. f3 {(
00:02)} f4 {(00:05)} 12. Bf2 {(00:03)} g5 {(00:05)} 13.
Rc1 {(00:02)} Rf7 {(01:15)} 14. c5 {(16:12)} Nxc5 {
(00:17)} 15. Bxc5 {(00:04)} dxc5 {(00:04)} 16. Bc4 {
(00:03)} Kf8 {(04:31)} 17. d6 {(04:03)} cxd6 {(13:
48)} 18. Bxf7 {(00:43)} Kxf7 {(00:05)} 19. Nb5 {(00:04)}
d5 {(28:26)} 20. Rxc5 {(00:39)} Be6 {(07:58)} 21. Nc7 {
(33:49)} dxe4 {(08:28)} 22. Qc2 {(00:51)} Qd4+ {(
13:01)} 23. Kh1 {(00:16)} Rd8 {(00:09)} 24. fxe4 {(06:21)}
g4 {(00:51)} 25. Nxe6 {(05:42)} Kxe6 {(00:05)} 26. Rc7 {
(00:14)} b5 {(04:36)} 27. Qb3+ {(12:22)} Kd6 {(03:
36)} 28. Nc2 {(04:16)} Qa4 {(03:57)} 29. Qc3 {(09:43)} Ke6
{(00:12)} 30. Re1 {(00:03)} Qa6 {(06:47)} 31. Nb4 {
(00:49)} Qd6 {(00:03)} 32. Nd5 {(00:40)} Rd7 {(00:
36)} 33. Nxf4+ {(02:01)} exf4 {(00:07)} 34. Qb3+ {(00:12)}
Ke5 {(00:49)} 35. Qxb5+ {(00:06)} Ke6 {(00:19)} 36. Qb3+ {
(00:14)} Ke5 {(00:10)} 37. Qc3+ {(02:33)} Ke6 {(00:
09)} 38. Rxd7 {(00:04)} Bxc3 {(03:16)} 39. Rxd6+ {(00:03)}
Kxd6 {(00:03)} 40. bxc3 {(00:00)} Ke5 {(00:00)} 41. Rb1 {
(01:17)} Nc6 {(02:32)} 42. Rb7 {(00:36)} f3 {(01:
54)} 43. gxf3 {(00:34)} gxf3 {(00:09)} 44. Rc7 {(00:10)}
1-0

[Event "42nd Olympiad Baku 2016 Open"]
[Site "Baku"]
[Date "2016.09.04"]
[Round "3.25"]
[White "Stefansson, Hannes"]
[Black "Rayes, Abdul Kader"]
[Result "1-0"]
[ECO "A40"]
[WhiteElo "2574"]
[BlackElo "2254"]
[Annotator ""]
[PlyCount "61"]
[EventDate "2016.??.??"]
[EventCountry "AZE"]
[SourceTitle "playchess.com"]
[Source "ChessBase"]
[WhiteTeam "Iceland"]
[BlackTeam "Syria"]
[WhiteTeamCountry "ISL"]
[BlackTeamCountry "SYR"]
[TimeControl "40/5400+30:1800+30"]

1. d4 {(00:00)} e6 {(01:01)} 2. g3 {(00:45)} Nf6 {(
01:09)} 3. Bg2 {(00:21)} c5 {(00:58)} 4. Nf3 {(00:14)} Nc6
{(13:12)} 5. c4 {(00:50)} cxd4 {(03:47)} 6. Nxd4 {(
00:17)} Bc5 {(01:48)} 7. Nb3 {(02:30)} Be7 {(01:04)} 8.
Nc3 {(01:08)} d6 {(00:36)} 9. O-O {(00:22)} O-O {(
00:27)} 10. Bf4 {(03:14)} h6 {(03:57)} 11. Rc1 {(00:50)}
e5 {(12:51)} 12. Be3 {(05:48)} Na5 {(02:39)} 13. Nxa5 {
(01:42)} Qxa5 {(00:16)} 14. Qd2 {(02:26)} Qc7 {(13:
56)} 15. Nb5 {(08:48)} Qb8 {(02:03)} 16. Rfd1 {(00:31)}
Rd8 {(02:45)} 17. Qa5 {(09:10)} a6 {(13:07)} 18. Nc7 {
(02:20)} Be6 {(02:03)} 19. Bb6 {(05:01)} Rd7 {(01:
14)} 20. e4 {(04:09)} Qf8 {(08:43)} 21. Nxa8 {(00:20)}
Qxa8 {(00:01)} 22. h3 {(03:13)} Qf8 {(01:06)} 23. f4 {
(02:10)} g6 {(02:43)} 24. Rf1 {(00:26)} exf4 {(05:
38)} 25. gxf4 {(00:30)} Nxe4 {(00:15)} 26. Bxe4 {(00:15)}
Bxh3 {(00:02)} 27. Bg2 {(01:13)} Bf5 {(00:24)} 28. Qc3 {
(00:32)} d5 {(01:29)} 29. cxd5 {(00:26)} Kh7 {(00:
53)} 30. Bc5 {(01:06)} Rd6 {(01:30)} 31. Rfe1 {(00:37)}
1-0

[Event "42nd Olympiad Baku 2016 Open"]
[Site "Baku"]
[Date "2016.09.04"]
[Round "3.31"]
[White "Stevic, Hrvoje"]
[Black "Ismagambetov, Anuar"]
[Result "1/2-1/2"]
[ECO "B10"]
[WhiteElo "2608"]
[BlackElo "2542"]
[Annotator ""]
[PlyCount "96"]
[EventDate "2016.??.??"]
[EventCountry "AZE"]
[SourceTitle "playchess.com"]
[Source "ChessBase"]
[WhiteTeam "Croatia"]
[BlackTeam "Kazakhstan"]
[WhiteTeamCountry "CRO"]
[BlackTeamCountry "KAZ"]
[TimeControl "40/5400+30:1800+30"]

1. e4 {(00:00)} c6 {(00:00)} 2. Nc3 {(00:12)} d5 {(
00:33)} 3. Nf3 {(00:12)} Nf6 {(02:58)} 4. e5 {(00:26)} Ne4
{(00:11)} 5. Ne2 {(01:00)} Qb6 {(00:13)} 6. d4 {(
00:07)} e6 {(00:04)} 7. Nfg1 {(00:42)} f6 {(01:19)} 8. f3
{(00:20)} Ng5 {(00:06)} 9. exf6 {(00:11)} gxf6 {(
00:05)} 10. f4 {(00:09)} Nf7 {(02:05)} 11. Nf3 {(00:56)}
Be7 {(07:27)} 12. c3 {(33:41)} Bd7 {(08:46)} 13. Qb3 {
(04:20)} c5 {(07:30)} 14. Be3 {(00:46)} Nc6 {(02:
18)} 15. g3 {(02:10)} Na5 {(10:33)} 16. Qxb6 {(00:53)}
axb6 {(02:56)} 17. Nd2 {(00:02)} Nd6 {(07:19)} 18. b3 {
(02:25)} c4 {(01:33)} 19. Rb1 {(15:57)} b5 {(03:04]
} 20. Bg2 {(00:50)} cxb3 {(02:05)} 21. axb3 {(00:09)} b4 {
(00:26)} 22. Ra1 {(17:54)} O-O {(03:09)} 23. Kf2 {(
01:12)} b5 {(07:33)} 24. Rhc1 {(06:02)} Kg7 {(05:41)} 25.
c4 {(08:50)} bxc4 {(02:48)} 26. bxc4 {(00:01)} b3 {
(00:47)} 27. Rxa5 {(00:05)} b2 {(05:21)} 28. Rxa8 {
(00:04)} bxc1=Q {(00:10)} 29. Nxc1 {(00:02)} Rxa8 {
(00:08)} 30. cxd5 {(00:03)} Ra3 {(02:39)} 31. dxe6 {
(01:54)} Bxe6 {(01:25)} 32. d5 {(00:06)} Nf5 {(04:
00)} 33. Bb6 {(02:59)} Ra6 {(00:46)} 34. dxe6 {(01:03)}
Rxb6 {(00:03)} 35. Ncb3 {(00:15)} Nh6 {(00:49)} 36. Bd5 {
(00:54)} Ng4+ {(01:59)} 37. Ke2 {(00:10)} Nxh2 {(
00:37)} 38. Nd4 {(00:06)} Kf8 {(01:08)} 39. Nc4 {(00:36)}
Ra6 {(01:24)} 40. Ne3 {(00:00)} Bc5 {(00:00)} 41. Nef5 {
(08:25)} Bxd4 {(06:19)} 42. Nxd4 {(00:07)} Ra5 {(
00:47)} 43. Be4 {(04:42)} Ra4 {(07:52)} 44. Kd3 {(00:19)}
Ke7 {(02:56)} 45. Bxh7 {(01:09)} Ra3+ {(04:02)} 46. Ke2 {
(10:41)} Ra4 {(01:03)} 47. Kd3 {(00:46)} Ra3+ {(00:
07)} 48. Ke2 {(00:11)} Ra4 {(03:29)} 1/2-1/2

[Event "42nd Olympiad Baku 2016 Open"]
[Site "Baku"]
[Date "2016.09.04"]
[Round "3.35"]
[White "Studer, Noel"]
[Black "Rajaonarison, Faniry"]
[Result "1-0"]
[ECO "A63"]
[WhiteElo "2445"]
[BlackElo "2150"]
[Annotator ""]
[PlyCount "65"]
[EventDate "2016.??.??"]
[EventCountry "AZE"]
[SourceTitle "playchess.com"]
[Source "ChessBase"]
[WhiteTeam "Switzerland"]
[BlackTeam "Madagascar"]
[WhiteTeamCountry "SUI"]
[BlackTeamCountry "MAD"]
[TimeControl "40/5400+30:1800+30"]

1. d4 {(00:00)} Nf6 {(00:00)} 2. c4 {(00:00)} e6 {(
00:03)} 3. g3 {(02:10)} c5 {(00:44)} 4. d5 {(00:16)} exd5
{(00:24)} 5. cxd5 {(00:09)} d6 {(00:16)} 6. Nc3 {(
00:07)} g6 {(00:31)} 7. Bg2 {(00:05)} Bg7 {(00:11)} 8. Nf3
{(00:03)} O-O {(00:14)} 9. O-O {(00:05)} Nbd7 {(00:
19)} 10. Bf4 {(00:41)} Qe7 {(00:42)} 11. a4 {(01:49)} a6 {
(01:34)} 12. Rb1 {(01:07)} Rb8 {(01:04)} 13. Qd2 {(
03:15)} Nh5 {(06:10)} 14. Bg5 {(01:30)} f6 {(00:52)} 15.
Bh6 {(02:34)} Bxh6 {(11:53)} 16. Qxh6 {(00:24)} f5 {
(02:25)} 17. b4 {(11:05)} c4 {(17:24)} 18. Qd2 {(
13:49)} Qf6 {(06:17)} 19. Nd4 {(20:44)} Re8 {(10:55)} 20.
f4 {(09:23)} Nf8 {(15:11)} 21. Rbe1 {(04:39)} Bd7 {
(06:51)} 22. e4 {(00:08)} Qg7 {(04:02)} 23. Bf3 {(
04:25)} fxe4 {(04:31)} 24. Nxe4 {(00:15)} Nf6 {(00:44)}
25. Nxd6 {(01:29)} Rxe1 {(00:15)} 26. Rxe1 {(00:07)} Bxa4
{(03:13)} 27. Nxc4 {(00:38)} Qc7 {(03:38)} 28. Rc1 {
(03:18)} Qd8 {(02:16)} 29. f5 {(03:58)} Be8 {(01:
15)} 30. Ne6 {(03:45)} Qd7 {(00:26)} 31. Qd4 {(00:56)}
Nxe6 {(00:36)} 32. fxe6 {(00:30)} Qe7 {(00:26)} 33. Qe5 {
(05:47)} 1-0

[Event "42nd Olympiad Baku 2016 Open"]
[Site "Baku"]
[Date "2016.09.04"]
[Round "3.31"]
[White "Subramaniam, Sumant"]
[Black "Perez Gormaz, Matias"]
[Result "1-0"]
[ECO "E15"]
[WhiteElo "2137"]
[BlackElo "2444"]
[Annotator ""]
[PlyCount "67"]
[EventDate "2016.??.??"]
[EventCountry "AZE"]
[SourceTitle "playchess.com"]
[Source "ChessBase"]
[WhiteTeam "Malaysia"]
[BlackTeam "Chile"]
[WhiteTeamCountry "MAS"]
[BlackTeamCountry "CHI"]
[TimeControl "40/5400+30:1800+30"]

1. Nf3 {(00:14)} Nf6 {(03:21)} 2. d4 {(00:59)} e6 {
(00:24)} 3. c4 {(00:35)} b6 {(00:19)} 4. g3 {(00:
27)} Bb7 {(02:32)} 5. Bg2 {(00:30)} g6 {(00:11)} 6. O-O {
(06:36)} Bg7 {(00:06)} 7. Nc3 {(05:46)} Ne4 {(00:
08)} 8. d5 {(24:13)} Nxc3 {(08:37)} 9. bxc3 {(00:08)} Bxc3
{(25:27)} 10. Bh6 {(00:23)} Bf6 {(00:12)} 11. e4 {(
05:47)} e5 {(00:22)} 12. Nxe5 {(17:50)} Bxe5 {(02:48)} 13.
f4 {(07:48)} Bd6 {(33:25)} 14. e5 {(01:39)} Bf8 {(
06:12)} 15. Bg5 {(00:27)} Bc5+ {(00:12)} 16. Kh1 {(00:48)}
Be7 {(00:07)} 17. Bh6 {(02:28)} Na6 {(03:16)} 18. Qe2 {
(01:18)} Nc5 {(03:00)} 19. f5 {(00:25)} Bf8 {(05:
49)} 20. Bd2 {(02:13)} Qe7 {(02:31)} 21. f6 {(10:52)} Qd8
{(00:02)} 22. e6 {(03:55)} Bd6 {(01:05)} 23. e7 {(
03:19)} Qc8 {(00:06)} 24. Bh6 {(00:06)} a5 {(01:06)} 25.
Bg7 {(00:27)} Rg8 {(00:01)} 26. Qe3 {(00:08)} Ne6 {
(01:02)} 27. Qh6 {(00:42)} Bxe7 {(00:33)} 28. Qxh7 {
(00:33)} Rf8 {(00:30)} 29. fxe7 {(00:20)} Kxe7 {(
00:33)} 30. Bxf8+ {(00:13)} Qxf8 {(00:04)} 31. dxe6 {(00:
05)} Bxg2+ {(00:54)} 32. Kxg2 {(00:06)} dxe6 {(00:03)} 33.
Rad1 {(00:09)} Qg8 {(01:00)} 34. Rxf7+ {(00:40)} 1-0

[Event "42nd Olympiad Baku 2016 Open"]
[Site "Baku"]
[Date "2016.09.04"]
[Round "3.3"]
[White "Svetushkin, Dmitry"]
[Black "Nepomniachtchi, Ian"]
[Result "0-1"]
[ECO "B51"]
[WhiteElo "2543"]
[BlackElo "2740"]
[Annotator ""]
[PlyCount "92"]
[EventDate "2016.??.??"]
[EventCountry "AZE"]
[SourceTitle "playchess.com"]
[Source "ChessBase"]
[WhiteTeam "Moldova"]
[BlackTeam "Russia"]
[WhiteTeamCountry "MDA"]
[BlackTeamCountry "RUS"]
[TimeControl "40/5400+30:1800+30"]

1. e4 {(00:00)} c5 {(00:00)} 2. Nf3 {(00:00)} d6 {(
00:00)} 3. Bb5+ {(00:02)} Nd7 {(00:07)} 4. c3 {(00:48)}
Ngf6 {(00:21)} 5. Qe2 {(00:09)} a6 {(01:00)} 6. Ba4 {
(00:15)} b5 {(00:30)} 7. Bc2 {(00:08)} Bb7 {(00:23]
} 8. O-O {(00:20)} g6 {(01:27)} 9. d4 {(03:22)} Bg7 {
(00:29)} 10. Re1 {(02:08)} e5 {(04:35)} 11. a4 {(
09:13)} O-O {(11:38)} 12. dxe5 {(17:05)} Nxe5 {(00:19)}
13. Nxe5 {(02:37)} dxe5 {(00:04)} 14. axb5 {(01:42)} axb5
{(00:05)} 15. Rxa8 {(00:08)} Qxa8 {(00:05)} 16. Na3 {
(01:21)} b4 {(01:21)} 17. Nc4 {(08:15)} Rd8 {(13:
42)} 18. Bg5 {(15:05)} h6 {(00:54)} 19. Bxf6 {(02:24)}
Bxf6 {(00:04)} 20. Bb3 {(03:07)} bxc3 {(04:05)} 21. bxc3 {
(03:58)} Qa6 {(01:20)} 22. Qf3 {(04:43)} Kg7 {(03:
46)} 23. Ne3 {(05:52)} Rd3 {(02:46)} 24. Bc2 {(04:23)} Rd2
{(00:54)} 25. Rd1 {(03:38)} Qd6 {(01:31)} 26. h3 {(
02:52)} Bg5 {(01:59)} 27. Nc4 {(03:09)} Rxd1+ {(01:06)}
28. Bxd1 {(00:05)} Qa6 {(05:36)} 29. Qd3 {(04:02)} Qa1 {
(01:18)} 30. Kh2 {(02:32)} Qa2 {(03:19)} 31. Be2 {(
00:55)} Ba6 {(04:31)} 32. g3 {(00:07)} Bd8 {(01:53)} 33.
Kg2 {(00:45)} Ba5 {(00:20)} 34. Bf1 {(00:34)} Qa1 {
(00:23)} 35. Qd5 {(01:06)} Bxc3 {(03:36)} 36. Qxc5 {
(00:07)} Qb1 {(07:10)} 37. Qe3 {(00:35)} Qb4 {(09:
19)} 38. Qd3 {(00:37)} Bd4 {(01:01)} 39. Qc2 {(00:43)} Qe1
{(01:14)} 40. Qe2 {(00:00)} Qa1 {(00:00)} 41. Qc2 {
(03:40)} Bc8 {(07:04)} 42. Nd2 {(02:08)} Qe1 {(00:
43)} 43. Nf3 {(05:04)} Bxh3+ {(00:07)} 44. Kxh3 {(00:01)}
Qxf1+ {(00:06)} 45. Kh2 {(00:02)} Bxf2 {(00:06)} 46. Qb2 {
(00:44)} Be3 {(00:06)} 0-1

[Event "42nd Olympiad Baku 2016 Open"]
[Site "Baku"]
[Date "2016.09.04"]
[Round "3.8"]
[White "Swiercz, Dariusz"]
[Black "Ortiz Suarez, Isan Reynaldo"]
[Result "0-1"]
[ECO "B90"]
[WhiteElo "2639"]
[BlackElo "2581"]
[Annotator ""]
[PlyCount "54"]
[EventDate "2016.??.??"]
[EventCountry "AZE"]
[SourceTitle "playchess.com"]
[Source "ChessBase"]
[WhiteTeam "Poland"]
[BlackTeam "Cuba"]
[WhiteTeamCountry "POL"]
[BlackTeamCountry "CUB"]
[TimeControl "40/5400+30:1800+30"]

1. e4 {(00:00)} c5 {(00:00)} 2. Nf3 {(00:00)} d6 {(
00:00)} 3. d4 {(00:00)} cxd4 {(00:00)} 4. Nxd4 {(00:00)}
Nf6 {(00:00)} 5. Nc3 {(00:00)} a6 {(00:01)} 6. h3 {
(00:00)} e6 {(00:30)} 7. g4 {(00:00)} h6 {(00:08)}
8. Qf3 {(00:00)} Qb6 {(14:54)} 9. Nb3 {(04:16)} Nc6 {
(00:06)} 10. g5 {(25:46)} hxg5 {(03:17)} 11. Bxg5 {
(00:06)} Qc7 {(06:37)} 12. O-O-O {(20:51)} Nd7 {(
08:19)} 13. Qg3 {(03:01)} b5 {(06:45)} 14. Kb1 {(00:34)}
b4 {(18:08)} 15. Na4 {(03:57)} Na7 {(07:05)} 16. Nd4 {
(13:53)} Nf6 {(15:19)} 17. Bg2 {(07:13)} e5 {(00:
12)} 18. Nf5 {(00:56)} Bd7 {(00:06)} 19. Rxd6 {(11:03)}
Bxd6 {(03:45)} 20. Nxg7+ {(00:02)} Ke7 {(03:30)} 21. Qf3 {
(00:15)} Bxa4 {(00:15)} 22. Qxf6+ {(03:03)} Kd7 {(
00:05)} 23. b3 {(05:44)} Nb5 {(11:28)} 24. Qxf7+ {(00:21)}
Kc6 {(00:18)} 25. Qd5+ {(00:18)} Kb6 {(00:03)} 26. Be3+ {
(00:17)} Bc5 {(00:39)} 27. Ne6 {(01:19)} Nc3+ {(00:
12)} 0-1